 Seeded DCSS version 0.30.0-18-gc0e69614cb (webtiles) character file.

Game seed: 4094081560370531827 (custom seed)

35 IndexError the Magician (level 3, 25/25 HPs)
             Began as a Djinni Earth Elementalist on May 23, 2023.
             Quit the game on level 1 of the Dungeon.
             The game lasted 00:01:59 (750 turns).

IndexError the Magician (Djinni Earth Elementalist)  Turns: 750, Time: 00:02:00

Health: 25/25      AC:  2    Str:  7    XL:     3   Next: 52%
Gold:   36         EV: 12    Int: 18    God:
                   SH:  5    Dex: 13

rFire   + + .        b - +0 sling
rCold   x . .        (no shield)
rNeg    . . .        a - +0 robe
rPois   ∞            (no helmet)
rElec   .            (no cloak)
rCorr   .            (no gloves)
SInv    .            (boots unavailable)
Will    .....        d - amulet of reflection
Stlth   ++           k - ring of wizardry {Wiz+, !d}
HPRegen 0.24/turn    (no ring)
MPRegen 0.00/turn

%: reflection, wizardry (x1)
@: flying
A: sickness immunity, fire resistance 2, cold vulnerability 1, float, innate
caster, HP casting, extra vitality 1
a: no special abilities


You were on level 1 of the Dungeon.
You visited 1 branch of the dungeon, and saw 1 of its levels.

You collected 36 gold pieces.

Inventory:

Hand Weapons
 b - a +0 sling (weapon)
   (You found it on level 1 of the Dungeon)
Armour
 a - a +0 robe (worn)
Jewellery
 d - an amulet of reflection (around neck)
   (You found it on level 1 of the Dungeon)
 k - a ring of wizardry (left hand) {Wiz+, !d}
   (You found it on level 1 of the Dungeon)
Scrolls
 e - a scroll of acquirement
 g - a scroll of magic mapping {unknown}
 h - a scroll of teleportation {unknown}
Potions
 c - 2 potions of might
 f - a potion of lignification {unknown}
 i - a potion of flight {unknown}
 j - a potion of curing {unknown}


   Skills:
 - Level 2.1 Dodging
 - Level 1.5 Stealth
 + Level 3.4 Spellcasting


You knew the following spells:

 Your Spells              Type           Power      Damage    Failure   Level
a - Sandblast             Erth           30%        2d9       1%          1
b - Shock                 Conj/Air       60%        1d6       1%          1
c - Petrify               Tmut/Erth      15%        N/A       16%         4
w - Passwall              Tmut/Erth      12%        N/A       2%          2
x - Stone Arrow           Conj/Erth      30%        3d8       4%          3
Your spell library was empty.

Dungeon Overview and Level Annotations

Branches:
Dungeon (1/15)

Altars:


Innate Abilities, Weirdness & Mutations

You are immune to sickness and miasma.
You are immune to poison.
Your flesh is very heat resistant. (rF++)
You are vulnerable to cold. (rC-)
You float through the air rather than walking.
You learn spells naturally, not from books.
Your magical power is your life essence.
You have superior vitality. (+4 MHP)


Message History

Aiming: Sandblast (safe; 4% risk of failure)
Press: ? - help, Q - select action, (/) - cycle Shift-Dir - straight line, f/p - quokka
Aim: a quokka (moderately wounded, 75% to hit)
The blast of sand hits the quokka!
You reach down and open the door.
There is an open door here.
There is an open door here.
A giant cockroach comes into view.
Health restored: 25 A giant cockroach is nearby!
A giant cockroach is nearby!
A giant cockroach is nearby!
Aiming: Sandblast (safe; 4% risk of failure)
Press: ? - help, Q - select action, (/) - cycle Shift-Dir - straight line, f - you
Okay, then.
You shoot a sling bullet.
The sling bullet barely misses the giant cockroach.
Aiming: Sandblast (safe; 4% risk of failure)
Press: ? - help, Q - select action, (/) - cycle Shift-Dir - straight line, f/p - giant cockroach
Aim: a giant cockroach (82% to hit)
You miscast Sandblast.
You are very lightly contaminated with residual magic.
Nothing appears to happen.
Aiming: Sandblast (safe; 4% risk of failure)
Press: ? - help, Q - select action, (/) - cycle Shift-Dir - straight line, f/p - giant cockroach
Aim: a giant cockroach (82% to hit)
The blast of sand hits the giant cockroach.
You take 1 damage, and have 24/25 hp.
Your magical contamination has completely faded away.
You see here a giant cockroach corpse.
Found a stone staircase leading down.
Health restored: 25
There is a stone staircase leading down here.
An endoplasm comes into view.
You see here a brown potion.
An endoplasm is nearby!
You shoot a sling bullet.
The sling bullet hits the endoplasm but does no damage.
The endoplasm quivers.
You shoot a sling bullet. The sling bullet hits the endoplasm.
You shoot a sling bullet. The sling bullet hits the endoplasm.
i - a brown potion You reach down and open the door.
Found an escape hatch in the floor.
There is an escape hatch in the floor here.
A hobgoblin comes into view.
A hobgoblin is nearby!
You shoot a sling bullet. The sling bullet hits the hobgoblin.
The hobgoblin shouts!
You shoot a sling bullet.
The sling bullet hits the hobgoblin but does no damage.
Aiming: Sandblast (safe; 4% risk of failure)
Press: ? - help, Q - select action, (/) - cycle Shift-Dir - straight line, f/p - hobgoblin
Aim: a hobgoblin (almost dead, 82% to hit)
The blast of sand hits the hobgoblin!
You take 1 damage, and have 24/25 hp.
A hobgoblin comes into view.
Health restored: 25 A hobgoblin is nearby!
A hobgoblin is nearby!
You shoot a sling bullet. The sling bullet hits the hobgoblin!
No target in view!
j - a fizzy puce potion You see here a hobgoblin corpse.
You reach down and open the large door.
There is a large open door here.
There is a large open door here.
You see here 6 stones.
k - a ring of wizardry {Wiz+, !d} You reach down and open the door.
There is an open door here.
There is an open door here.
You reach down and open the door.
There is an open door here.
There is an open door here.
There is an open door here.
There is an open door here.
You see here a hobgoblin corpse.
You see here a +0 robe.
A kobold comes into view. It is wielding a +0 club.
The kobold shouts!
A kobold is nearby!
Aiming: Sandblast (safe; 4% risk of failure)
Press: ? - help, Q - select action, (/) - cycle Shift-Dir - straight line, f - kobold
Aim: a kobold, wielding a +0 club (77% to hit)
The blast of sand hits the kobold!
You take 1 damage, and have 24/25 hp.
You see here a +0 club.
Done exploring.
Health restored: 25 Done exploring.
Done exploring.
Done exploring.
You start putting on your amulet.
You continue putting on your amulet of reflection. x5
You finish putting on your amulet of reflection.
You feel a shielding aura gather around you.
d - an amulet of reflection (around neck)
k - a ring of wizardry (left hand) {Wiz+, !d} Are you sure you want to abandon this character and quit the game? (Confirm with "yes".)

#...[..#
#.####.# #.#
#.# #.# #.#
#)# #.# #.#
#.# #.# #.#
########.#
#.#
#......@.#
#.#
##########
#.#
#.##########
#...........
#.##########
###


There were no monsters in sight!

Vanquished Creatures
  A gnoll (D:1)
  2 endoplasms (D:1)
  A giant cockroach (D:1)
  4 goblins (D:1)
  3 hobgoblins (D:1)
  A kobold (D:1)
  A quokka (D:1)
  2 ball pythons (D:1)
  4 bats (D:1)
  2 frilled lizards (D:1)
  2 rats (D:1)
23 creatures vanquished.

Notes
Turn   | Place    | Note
-------+----------+-------------------------------------------
     0 | D:1      | IndexError the Djinni Earth Elementalist began the quest
                  | for the Orb.
     0 | D:1      | IndexError set off with the following spells memorised:
                  | Sandblast, Passwall, Stone Arrow, Petrify.
     0 | D:1      | Reached XP level 1. HP: 15/15 MP: 0/0
    92 | D:1      | Reached XP level 2. HP: 21/21 MP: 0/0
   103 | D:1      | Identified a scroll of acquirement
   115 | D:1      | Reached skill level 3 in Spellcasting
   288 | D:1      | Reached XP level 3. HP: 25/25 MP: 0/0
   288 | D:1      | Learned a level 1 spell: Shock
   750 | D:1      | Quit the game

Illustrated notes

Levels and vault maps discovered:
D:1:      giann_horns, layout_basic, minmay_tromino_i4

Skill      XL: |  1  2 |
---------------+-------+-----
Spellcasting   | 3 |  3.4
Dodging        | |  2.1
Stealth        | |  1.5

Action                     || total
---------------------------++-------
   Fire: Sling             ||    21
   Cast: Sandblast         ||    21
    Use: Scroll            ||     1
  Dodge: Dodged            ||     7

Levels and vault maps discovered:
D:1:      giann_horns, layout_basic, minmay_tromino_i4

Table legend: (Time is in decaauts)
 A = Elapsed time spent in this place.
 B = Non-inter-level travel time spent in this place.
 C = Inter-level travel time spent in this place.
 D = Time resting spent in this place.
 E = Time spent auto-exploring this place.
 F = Levels seen in this place.
 G = Mean time per level.
                   A        B        C        D        E       F      G
               +--------+--------+--------+--------+--------+-----+--------+
         Total |    767 |    767 |      0 |      0 |    657 |   1 |  767.0 |
       Dungeon |    767 |    767 |      0 |      0 |    657 |   1 |  767.0 |
               +--------+--------+--------+--------+--------+-----+--------+

Top non-repeatable levels by time:
     D:1: 767 daAuts

Table legend:
 A = Kills in this place as a percentage of kills in the entire game.
 B = Kills by you in this place as a percentage of kills by you in the entire game.
 C = Kills by friends in this place as a percentage of kills by friends in the entire game.
 D = Other kills in this place as a percentage of other kills in the entire game.
 E = Experience gained in this place as a percentage of experience gained in the entire game.
 F = Experience gained in this place divided by the number of levels of this place that you have seen.
                   A       B       C       D       E      F
               +-------+-------+-------+-------+-------+----------------------
         Total | 100.0 | 100.0 |   N/A |   N/A | 100.0 |  50.0
       Dungeon | 100.0 | 100.0 |   N/A |   N/A | 100.0 |  50.0
               +-------+-------+-------+-------+-------+----------------------
